SAA
ATHLETIC CLUB KC ACADEMY @ GLENDALE HERONS
09/06/2031
 
TOP OF THE 1ST
Athletic Club KC Academy batting - Pitching for Glendale Herons : LHP Alejandro García
Pitching: LHP Alejandro García
Batting: RHB Arturo Annunziato 0-0: Ball
1-0: Ball
2-0: Ball
3-0: Called Strike
3-1: Base on Balls
Batting: LHB Kwang-chih Feng 0-0: Ball
1-0: Swinging Strike
1-1: Foul Ball, location: 2F
1-2: Ball
2-2: Foul Ball, location: 2F
2-2: Foul Ball, location: 2F
2-2: Ball
3-2: Strikes out swinging
Arturo Annunziato steals 2nd base
Batter strikes out.
Batting: RHB Colin Bottone 0-0: SINGLE (Popup, 4D)
Arturo Annunziato to third
Runner from 3rd tries for Home, SAFE, no throw
Batting: LHB Abdallah Rweikiza 0-0: Called Strike
0-1: Swinging Strike
0-2: Ball
Colin Bottone steals 2nd base
1-2: Ball
2-2: Strikes out swinging
Batting: LHB Onye Mahusay 0-0: Ball
1-0: Foul Ball, location: 2F
1-1: Swinging Strike
1-2: Fly out, F9 (Flyball, 89M)
Top of the 1st over - 1 run, 1 hit, 0 errors, 1 left on base; Athletic Club KC Academy 1 - Glendale 0
BOTTOM OF THE 1ST
Glendale Herons batting - Pitching for Athletic Club KC Academy : RHP Tetsunori Ikarashi
Pitching: RHP Tetsunori Ikarashi
Batting: RHB Francisco Guerra 0-0: Foul Ball, location: 2F
0-1: Foul Ball, location: 2F
0-2: Strikes out swinging, 2-3 out at first.
Batting: LHB Jin-song Seah 0-0: Foul Ball, location: 2F
0-1: Foul Ball, location: 2F
0-2: Foul Ball, location: 2F
0-2: SINGLE (Groundball, 3D)
Batting: RHB Michael Sweeney 0-0: Ball
1-0: Foul Ball, location: 2F
1-1: Ball
2-1: Foul Ball, location: 2F
2-2: Ball
Jin-song Seah is caught stealing 2nd base
3-2: Foul Ball, location: 2F
3-2: Base on Balls
Batting: LHB Xu Cheng 0-0: Ball
1-0: DOUBLE (Flyball, 89D)
Michael Sweeney to third
Batting: RHB Mario van Heijbeeck 0-0: Ball
1-0: Called Strike
1-1: Ground out 5-3 (Groundball, 56)
Bottom of the 1st over - 0 runs, 2 hits, 0 errors, 2 left on base; Athletic Club KC Academy 1 - Glendale 0
TOP OF THE 2ND
Athletic Club KC Academy batting - Pitching for Glendale Herons : LHP Alejandro García
Batting: LHB Chi-hun Chong 0-0: Foul Ball, location: 2F
0-1: Foul Ball, location: 2F
0-2: Hit by Pitch
Batting: SHB Ijsbrand van Hoogewegen 0-0: Ball
1-0: Foul Ball, location: 2F
1-1: Ball
2-1: Foul Ball, location: 2F
2-2: Ball
3-2: Strikes out swinging
Batting: RHB Dewey Nauss 0-0: Ball
Chi-hun Chong steals 2nd base
1-0: Foul Ball, location: 2F
1-1: Called Strike
1-2: Strikes out looking
Batting: RHB Troy Whitehurst 0-0: Swinging Strike
0-1: Foul Ball, location: 2F
0-2: SINGLE (Groundball, 56D)
Chi-hun Chong to third
Throwing error, E7
Chi-hun Chong scores
Troy Whitehurst to second
Batting: RHB Arturo Annunziato 0-0: Called Strike
0-1: Fly out, F4 (Popup, 4)
Top of the 2nd over - 1 run, 1 hit, 1 error, 1 left on base; Athletic Club KC Academy 2 - Glendale 0
BOTTOM OF THE 2ND
Glendale Herons batting - Pitching for Athletic Club KC Academy : RHP Tetsunori Ikarashi
Batting: RHB Shihei Kichikawa 0-0: Called Strike
0-1: Fly out, F9 (Flyball, 89S)
Batting: SHB Tommy Dreamer 0-0: Ground out U3 (Groundball, 3)
Batting: RHB Luis Trevino 0-0: Ball
1-0: Ball
2-0: Ball
3-0: Base on Balls
Batting: RHB Augusto Ferrales 0-0: Ball
1-0: Fielders Choice at 2nd, 5-4 (Groundball, 56)
Bottom of the 2nd over - 0 runs, 0 hits, 0 errors, 1 left on base; Athletic Club KC Academy 2 - Glendale 0
TOP OF THE 3RD
Athletic Club KC Academy batting - Pitching for Glendale Herons : LHP Alejandro García
Batting: LHB Kwang-chih Feng 0-0: Ball
1-0: SINGLE (Groundball, 3D)
Batting: RHB Colin Bottone 0-0: Called Strike
0-1: Ball
1-1: Fly out, F4 (Popup, 4M)
Batting: LHB Abdallah Rweikiza 0-0: Swinging Strike
0-1: Ball
1-1: Foul Ball, location: 2F
1-2: Strikes out looking
Batting: LHB Onye Mahusay 0-0: Fly out, F8 (Flyball, 8LD)
Top of the 3rd over - 0 runs, 1 hit, 0 errors, 1 left on base; Athletic Club KC Academy 2 - Glendale 0
BOTTOM OF THE 3RD
Glendale Herons batting - Pitching for Athletic Club KC Academy : RHP Tetsunori Ikarashi
Batting: RHB Francisco Guerra 0-0: Ball
1-0: Foul Ball, location: 2F
1-1: Ball
2-1: Foul Ball, location: 2F
2-2: Ball
3-2: Foul Ball, location: 2F
3-2: Foul Ball, location: 2F
3-2: Base on Balls
Batting: LHB Jin-song Seah 0-0: Ball
Francisco Guerra steals 2nd base
1-0: Swinging Strike
1-1: Foul Ball, location: 2F
1-2: Ball
2-2: Ball
3-2: SINGLE (Groundball, 34D)
Francisco Guerra to third
Runner from 3rd tries for Home, SAFE, no throw
Batting: RHB Michael Sweeney 0-0: Ball
1-0: Called Strike
1-1: Ball
2-1: Swinging Strike
2-2: Foul Ball, location: 2F
2-2: Ball
3-2: Foul Ball, location: 2F
3-2: Foul Ball, location: 2F
3-2: Foul Ball, location: 2F
3-2: Foul Ball, location: 2F
3-2: Strikes out swinging
Batting: LHB Xu Cheng 0-0: Fly out, F8 (Flyball, 8LM)
Batting: RHB Mario van Heijbeeck 0-0: Called Strike
0-1: Swinging Strike
0-2: SINGLE (Groundball, 34D)
Jin-song Seah to second
Runner from 2nd tries for 3rd, SAFE, no throw
Batting: RHB Shihei Kichikawa 0-0: Fielders Choice at 2nd, 5-4 (Groundball, 56)
Bottom of the 3rd over - 1 run, 2 hits, 0 errors, 2 left on base; Athletic Club KC Academy 2 - Glendale 1
TOP OF THE 4TH
Athletic Club KC Academy batting - Pitching for Glendale Herons : LHP Alejandro García
Batting: LHB Chi-hun Chong 0-0: Swinging Strike
0-1: Called Strike
0-2: Ball
1-2: Ball
2-2: Ball
3-2: Strikes out swinging
Batting: SHB Ijsbrand van Hoogewegen 0-0: Swinging Strike
0-1: Hit by Pitch
Batting: RHB Dewey Nauss 0-0: Called Strike
0-1: Called Strike
0-2: Strikes out swinging
Batting: RHB Troy Whitehurst 0-0: Called Strike
0-1: Ball
1-1: Swinging Strike
1-2: Foul Ball, location: 2F
1-2: Strikes out swinging
Top of the 4th over - 0 runs, 0 hits, 0 errors, 1 left on base; Athletic Club KC Academy 2 - Glendale 1
BOTTOM OF THE 4TH
Glendale Herons batting - Pitching for Athletic Club KC Academy : RHP Tetsunori Ikarashi
Batting: SHB Tommy Dreamer 0-0: Ball
1-0: Ball
2-0: Ball
3-0: Base on Balls
Batting: RHB Luis Trevino 0-0: Ball
1-0: Grounds into double play, 6-4-3 (Groundball, 6)
Batting: RHB Augusto Ferrales 0-0: Called Strike
0-1: Swinging Strike
0-2: Strikes out swinging
Bottom of the 4th over - 0 runs, 0 hits, 0 errors, 0 left on base; Athletic Club KC Academy 2 - Glendale 1
TOP OF THE 5TH
Athletic Club KC Academy batting - Pitching for Glendale Herons : LHP Alejandro García
Batting: RHB Arturo Annunziato 0-0: Ball
1-0: Swinging Strike
1-1: Ground out 5-3 (Groundball, 56S)
Batting: LHB Kwang-chih Feng 0-0: Ball
1-0: Foul Ball, location: 2F
1-1: Foul Ball, location: 2F
1-2: Foul Ball, location: 2F
1-2: SINGLE (Line Drive, 7S)
Pitching: RHP David Davis
Batting: RHB Colin Bottone 0-0: Called Strike
0-1: 2-RUN HOME RUN (Flyball, 7LD), Distance : 325 ft
Batting: LHB Abdallah Rweikiza 0-0: Ball
1-0: Ball
2-0: Foul Ball, location: 2F
2-1: Called Strike
2-2: Ball
3-2: Fly out, F9 (Flyball, 89S)
Batting: LHB Onye Mahusay 0-0: Ball
1-0: Ball
2-0: Called Strike
2-1: Called Strike
2-2: Ball
3-2: Ground out 4-3 (Groundball, 4M)
Top of the 5th over - 2 runs, 2 hits, 0 errors, 0 left on base; Athletic Club KC Academy 4 - Glendale 1
BOTTOM OF THE 5TH
Glendale Herons batting - Pitching for Athletic Club KC Academy : RHP Tetsunori Ikarashi
Batting: RHB Francisco Guerra 0-0: Ball
1-0: Ball
2-0: Reached on error, E6 (Groundball, 6)
Batting: LHB Jin-song Seah 0-0: Ball
1-0: Ball
2-0: SINGLE (Line Drive, 34D)
Francisco Guerra to second
Batting: RHB Michael Sweeney 0-0: Ball
1-0: Fly out, F9 (Flyball, 89M)
Batting: LHB Xu Cheng 0-0: Called Strike
0-1: Swinging Strike
0-2: Ball
1-2: Grounds into double play, 4-6-3 (Groundball, 4)
Bottom of the 5th over - 0 runs, 1 hit, 1 error, 1 left on base; Athletic Club KC Academy 4 - Glendale 1
TOP OF THE 6TH
Athletic Club KC Academy batting - Pitching for Glendale Herons : RHP David Davis
Batting: LHB Chi-hun Chong 0-0: Ball
1-0: Foul Ball, location: 2F
1-1: Ball
2-1: Fly out, F9 (Flyball, 89D)
Batting: SHB Ijsbrand van Hoogewegen 0-0: Ground out U3 (Groundball, 3)
Batting: RHB Dewey Nauss 0-0: Ball
1-0: Called Strike
1-1: Called Strike
1-2: Ball
2-2: SINGLE (Line Drive, 9LS)
Batting: RHB Troy Whitehurst 0-0: Foul Ball, location: 2F
0-1: Ball
1-1: Foul Ball, location: 2F
1-2: Strikes out swinging
Top of the 6th over - 0 runs, 1 hit, 0 errors, 1 left on base; Athletic Club KC Academy 4 - Glendale 1
BOTTOM OF THE 6TH
Glendale Herons batting - Pitching for Athletic Club KC Academy : RHP Tetsunori Ikarashi
Batting: RHB Mario van Heijbeeck 0-0: Called Strike
0-1: Hit by Pitch
Batting: RHB Shihei Kichikawa 0-0: Foul Ball, location: 2F
0-1: SINGLE (Groundball, 4) (infield hit)
Mario van Heijbeeck to second
Batting: SHB Tommy Dreamer 0-0: Ball
1-0: Called Strike
1-1: Ball
2-1: Ball
3-1: Fielders Choice at 2nd, 3-6 (Groundball, 34)
Mario van Heijbeeck to third
Batting: RHB Luis Trevino 0-0: Fly out, F7 (Flyball, 7LSF)
Runner from 3rd tags up, SCORES, no throw
Batting: RHB Augusto Ferrales 0-0: Fly out, F3 (Popup, 3S)
Bottom of the 6th over - 1 run, 1 hit, 0 errors, 1 left on base; Athletic Club KC Academy 4 - Glendale 2
TOP OF THE 7TH
Athletic Club KC Academy batting - Pitching for Glendale Herons : RHP David Davis
Batting: RHB Arturo Annunziato 0-0: Foul Ball, location: 2F
0-1: Ball
1-1: Ball
2-1: Ball
3-1: Foul Ball, location: 2F
3-2: SINGLE (Flyball, 89S)
Batting: LHB Kwang-chih Feng 0-0: Ball
1-0: Sac Bunt - play at first, batter OUT! 1-4
Arturo Annunziato to second
Batting: RHB Colin Bottone 0-0: Foul Ball, location: 2F
0-1: Fly out, F7 (Line Drive, 78D)
Batting: LHB Abdallah Rweikiza 0-0: Ball
1-0: Ball
2-0: Ball
3-0: Foul Ball, location: 2F
3-1: Base on Balls
Batting: LHB Onye Mahusay 0-0: Ball
1-0: Called Strike
1-1: Ball
2-1: Ground out 4-3 (Groundball, 4)
Top of the 7th over - 0 runs, 1 hit, 0 errors, 2 left on base; Athletic Club KC Academy 4 - Glendale 2
BOTTOM OF THE 7TH
Glendale Herons batting - Pitching for Athletic Club KC Academy : RHP Tetsunori Ikarashi
Pitching: RHP Andrés Martínez
Batting: RHB Francisco Guerra 0-0: Foul Ball, location: 2F
0-1: Foul Ball, location: 2F
0-2: Ground out 6-3 (Groundball, 6)
Batting: LHB Jin-song Seah 0-0: Swinging Strike
0-1: Called Strike
0-2: Ground out 4-3 (Groundball, 4)
Batting: RHB Michael Sweeney 0-0: Called Strike
0-1: Swinging Strike
0-2: Strikes out swinging
Bottom of the 7th over - 0 runs, 0 hits, 0 errors, 0 left on base; Athletic Club KC Academy 4 - Glendale 2
TOP OF THE 8TH
Athletic Club KC Academy batting - Pitching for Glendale Herons : RHP David Davis
Batting: LHB Chi-hun Chong 0-0: Swinging Strike
0-1: SOLO HOME RUN (Line Drive, 9D), Distance : 379 ft
Batting: SHB Ijsbrand van Hoogewegen 0-0: Called Strike
0-1: Called Strike
0-2: Ball
1-2: Foul Ball, location: 2F
1-2: Ball
2-2: Ground out U3 (Groundball, 34)
Batting: RHB Dewey Nauss 0-0: Ball
1-0: Ball
2-0: Ball
3-0: Called Strike
3-1: Foul Ball, location: 2F
3-2: Foul Ball, location: 2F
3-2: SINGLE (Groundball, 56D)
Pitching: RHP Juan Sánchez
Batting: RHB Troy Whitehurst 0-0: Called Strike
0-1: Ball
1-1: Ball
2-1: Ball
3-1: Grounds into double play, 5-4-3 (Groundball, 56)
Top of the 8th over - 1 run, 2 hits, 0 errors, 0 left on base; Athletic Club KC Academy 5 - Glendale 2
BOTTOM OF THE 8TH
Glendale Herons batting - Pitching for Athletic Club KC Academy : RHP Andrés Martínez
Now in RF: David Lozano
Batting: LHB Xu Cheng 0-0: Ground out 4-3 (Groundball, 4)
Batting: RHB Mario van Heijbeeck 0-0: Ball
1-0: Fly out, F7 (Flyball, 7LMF)
Batting: RHB Shihei Kichikawa 0-0: Fly out, F7 (Flyball, 7S)
Bottom of the 8th over - 0 runs, 0 hits, 0 errors, 0 left on base; Athletic Club KC Academy 5 - Glendale 2
TOP OF THE 9TH
Athletic Club KC Academy batting - Pitching for Glendale Herons : RHP Juan Sánchez
Pitching: LHP Nick Riviera
Batting: RHB Arturo Annunziato 0-0: Ball
1-0: Ball
2-0: Ground out 6-3 (Groundball, 6)
Batting: LHB Kwang-chih Feng 0-0: Ball
1-0: Foul Ball, location: 2F
1-1: Foul Ball, location: 2F
1-2: Ball
2-2: Ball
3-2: Ground out 3-1 (Groundball, 34)
Batting: RHB Colin Bottone 0-0: Ground out 5-3 (Groundball, 56S)
Top of the 9th over - 0 runs, 0 hits, 0 errors, 0 left on base; Athletic Club KC Academy 5 - Glendale 2
BOTTOM OF THE 9TH
Glendale Herons batting - Pitching for Athletic Club KC Academy : RHP Andrés Martínez
Pitching: RHP León Marinero
Now at 1B: Takayuki Yoshikawa
Batting: SHB Tommy Dreamer 0-0: Called Strike
0-1: Ball
1-1: Foul Ball, location: 2F
1-2: Strikes out swinging
Batting: RHB Luis Trevino 0-0: Ground out 5-3 (Groundball, 56)
Batting: RHB Augusto Ferrales 0-0: Called Strike
0-1: Foul Ball, location: 2F
0-2: Ball
1-2: Ball
2-2: Foul Ball, location: 2F
2-2: SINGLE (Flyball, 8RS)
Batting: RHB Francisco Guerra 0-0: Called Strike
0-1: Foul Ball, location: 2F
0-2: Ball
1-2: Foul Ball, location: 2F
1-2: Ball
2-2: Fly out, F8 (Flyball, 8RM)
Bottom of the 9th over - 0 runs, 1 hit, 0 errors, 1 left on base; Athletic Club KC Academy 5 - Glendale 2
Tuesday, June 12th, 2018 - OOTP Baseball 18.8 Build 76